 Dungeon Crawl Stone Soup version 0.30-a0-920-g7493c07aab (webtiles) character file.

Game seed: 13355997751681848054

176 cforsyth the Shield-Bearer (level 5, -6/42 HPs)
             Began as a Human Fighter on Mar 22, 2023.
             Mangled by a wyvern (14 damage)
             ... on level 4 of the Dungeon.
             The game lasted 00:01:55 (1461 turns).

cforsyth the Shield-Bearer (Human Fighter)          Turns: 1461, Time: 00:01:56

Health: -6/42      AC:  8    Str: 19    XL:     5   Next: 86%
Magic:  5/5        EV:  9    Int:  8    God:
Gold:   134        SH:  5    Dex: 12    Spells: 4/4 levels left

rFire   . . .      SeeInvis .    a - +0 flail
rCold   . . .      Faith    .    c - +0 buckler
rNeg    . . .      Spirit   .    b - +0 scale mail
rPois   .          Reflect  .    (no helmet)
rElec   .          Rampage  .    j - +0 cloak
rCorr   .                        (no gloves)
Will    .....                    (no boots) Stlth
                                 (no amulet)
HPRegen 0.27/turn                (no ring)
MPRegen 0.09/turn                (no ring)

@: mighty
A: no striking features
a: no special abilities


You were on level 4 of the Dungeon.
You visited 2 branches of the dungeon, and saw 4 of its levels.

You collected 134 gold pieces.

Inventory:

Hand Weapons
 a - a +0 flail (weapon)
Armour
 b - a +0 scale mail (worn)
 c - a +0 buckler (worn)
 j - a +0 cloak (worn)
Potions
 f - a potion of invisibility {unknown}
 g - 2 potions of brilliance
 h - a potion of haste {unknown}
 k - a potion of resistance {unknown}


   Skills:
 + Level 3.9 Fighting
 + Level 3.2 Maces & Flails
 + Level 3.9 Armour
 + Level 4.0 Shields


You had 4 spell levels left.
You didn't know any spells.
Your spell library was empty.

Dungeon Overview and Level Annotations

Branches:
Dungeon (4/15)             Temple (1/1) D:4

Altars:
Dithmenos
Makhleb
Ru
Sif Muna
Trog
Uskayaw
Wu Jian
Xom
Yredelemnul


Message History

The ball python is severely wounded.
You block the ball python's attack. The ball python grabs you.
The ball python constricts you. The wyvern bites you!
The ball python bites you but does no damage.
The ball python constricts you.
You sock the ball python!
You kill the ball python!
You block the wyvern's attack. The wyvern barely misses you.
Your Shields skill increases to level 4!
You closely miss the wyvern. The wyvern bites you!
You block the wyvern's attack.
You hit the wyvern.
The wyvern is lightly wounded.
The wyvern closely misses you. The wyvern bites you.
You hit the wyvern.
The wyvern is lightly wounded.
The wyvern bites you!
* * * LOW HITPOINT WARNING * * *
The wyvern bites you.
* * * LOW HITPOINT WARNING * * *
You are too injured to fight recklessly!
You are too injured to fight recklessly!
You are too injured to fight recklessly!
You are too injured to fight recklessly!
You are too injured to fight recklessly!
You are too injured to fight recklessly!
You are too injured to fight recklessly!
You are too injured to fight recklessly!
You are too injured to fight recklessly!
You feel much better.
The wyvern bites you but does no damage.
The wyvern bites you.
You feel very mighty all of a sudden. The wyvern bites you!
* * * LOW HITPOINT WARNING * * *
You hit the wyvern.
The wyvern is moderately wounded.
The wyvern bites you but does no damage.
The wyvern bites you!
You die...

.## ..# .... ..# ....
.####### ###+# .....
'##....#######...##.....
.##.....................
.'......................
.#.............l†....>..
.##†######## ###@#
.##...###..###...#
..#........#.....+
..#........'...<.#
.##........#.....#
...#####.#####+###
......##.####..
................
≈...............


You could see a wyvern.

Vanquished Creatures
  A phantom (D:4)
  A scorpion (D:4)
  An adder (D:2)
  2 worms (D:2)
  2 endoplasms
  2 giant cockroaches (D:1)
  5 hobgoblins (D:1)
  A quokka (D:2)
  3 ball pythons
  2 bats (D:2)
  2 frilled lizards (D:1)
  4 goblins
  6 kobolds
  A rat (D:2)
33 creatures vanquished.

Notes
Turn   | Place    | Note
-------+----------+-------------------------------------------
     0 | D:1      | cforsyth the Human Fighter began the quest for the Orb.
     0 | D:1      | Reached XP level 1. HP: 18/18 MP: 1/1
   216 | D:1      | Reached XP level 2. HP: 18/24 MP: 2/2
   455 | D:1      | Found a faded altar of an unknown god.
   861 | D:2      | Reached XP level 3. HP: 22/29 MP: 3/3
  1086 | D:2      | You fall into a shaft and drop 2 floors!
  1087 | D:4      | Noticed a scorpion
  1094 | D:4      | Noticed a phantom
  1104 | D:4      | Killed a scorpion
  1105 | D:4      | Reached XP level 4. HP: 5/37 MP: 4/4
  1105 | D:4      | Reached XP level 5. HP: 5/42 MP: 5/5
  1105 | D:4      | Found a staircase to the Ecumenical Temple.
  1112 | D:4      | Killed a phantom
  1129 | Temple   | Entered the Ecumenical Temple
  1452 | D:4      | Noticed a wyvern
  1456 | D:4      | Reached skill level 4 in Shields
  1461 | D:4      | Mangled by a wyvern

Illustrated notes

Levels and vault maps discovered:
D:1:      evilmike_arrival_hilbert_curve, layout_loops_ring,
          hellmonk_ecumenical_altar_prayer_group, chequers_garden
D:2:      layout_rooms
D:4:      layout_gridville, temple_pool_b
Temple:   nicolae_temple_bog_church

Skill      XL: |  1  2  3  4  5 |
---------------+----------------+-----
Maces & Flails | 3 |  3.2
Shields        | 4 |  4.0
Fighting       | |  3.9
Armour         | |  3.9

Action                     |  1- 3 |  4- 6 || total
---------------------------+-------+-------++-------
  Melee: Flail             |    86 |    20 ||   106
    Use: Scroll            |     2 |       ||     2
         Potion            |     1 |     3 ||     4
   Stab: Distracted        |       |     1 ||     1
 Armour: Scale mail        |    37 |    11 ||    48
  Dodge: Dodged            |    46 |     8 ||    54
  Block: Buckler           |    22 |     6 ||    28

Table legend: (Time is in decaauts)
 A = Elapsed time spent in this place.
 B = Non-inter-level travel time spent in this place.
 C = Inter-level travel time spent in this place.
 D = Time resting spent in this place.
 E = Time spent auto-exploring this place.
 F = Levels seen in this place.
 G = Mean time per level.
                   A        B        C        D        E       F      G
               +--------+--------+--------+--------+--------+-----+--------+
         Total |   1505 |   1433 |     72 |      0 |   1157 |   4 |  376.2 |
       Dungeon |   1251 |   1201 |     50 |      0 |    933 |   3 |  417.0 |
        Temple |    253 |    232 |     21 |      0 |    224 |   1 |  253.0 |
               +--------+--------+--------+--------+--------+-----+--------+

Top non-repeatable levels by time:
     D:1: 859 daAuts
  Temple: 253 daAuts
     D:2: 252 daAuts
     D:4: 140 daAuts
